 Dungeon Crawl Stone Soup version 0.27-a0-1200-g94dc6ad4cf (webtiles) character file.

Game seed: 15806661056092430881

1589 Lanoc the Cudgeller (level 8, -16/67 HPs)
             Began as a Gnoll Chaos Knight on June 1, 2021.
             Was a Plaything of Xom.
             Demolished by an orc warrior
             ... wielding a +0 long sword
              (21 damage)
             ... on level 5 of the Dungeon.
             The game lasted 00:08:59 (5748 turns).

Lanoc the Cudgeller (Gnoll Chaos Knight)            Turns: 5748, Time: 00:08:59

Health: -16/67     AC:  8    Str: 11    XL:     8   Next: 92%
Magic:  13/13      EV: 13    Int: 11    God:    Xom [....*.]
Gold:   110        SH:  0    Dex: 15    Spells: 12/14 levels left

rFire    . . .     SeeInvis .   a - +0 mace (chaos)
rCold    . . .     Faith    .   (no shield)
rNeg     + . .     Spirit   .   b - +2 leather armour
rPois    .         Reflect  .   (no helmet)
rElec    .         Harm     .   (no cloak)
rCorr    .         Rampage  .   q - +1 pair of gloves {archery}
Will     +....                  (no boots)
Stlth    +++.......             (no amulet)
HPRegen  0.21/turn              n - ring of willpower
MPRegen  0.13/turn              s - ring of positive energy

@: no status effects
A: fangs 2, strong nose, distributed training, camouflage 1, wild magic 1
a: Renounce Religion


You were on level 5 of the Dungeon.
You worshipped Xom.
You were a beloved toy of Xom.
You visited 2 branches of the dungeon, and saw 6 of its levels.

You collected 276 gold pieces.
You spent 166 gold pieces at shops.

Inventory:

Hand Weapons
 a - a +0 mace of chaos (weapon)
Armour
 b - a +2 leather armour (worn)
 q - a +1 pair of gloves of archery (worn)
Jewellery
 n - a ring of willpower (left hand)
 s - a ring of positive energy (right hand)
Scrolls
 c - 4 scrolls of enchant armour {unknown}
 f - 2 scrolls of identify
 g - 2 scrolls of fear {unknown}
 h - a scroll of acquirement {unknown}
 i - 4 scrolls of immolation {unknown}
 j - a scroll of teleportation {unknown}
 l - 4 scrolls of amnesia {unknown}
 m - 2 scrolls of torment {unknown}
 o - 2 scrolls of vulnerability
Potions
 d - 2 potions of heal wounds
 e - 2 potions of curing
 k - a potion of magic
 p - a potion of brilliance


   Skills:
 + Level 7.6 Fighting
 + Level 3.7 Short Blades
 + Level 3.7 Long Blades
 + Level 3.7 Axes
 + Level 7.6 Maces & Flails
 + Level 3.7 Polearms
 + Level 3.7 Staves
 + Level 3.7 Slings
 + Level 3.7 Bows
 + Level 3.7 Crossbows
 + Level 3.7 Throwing
 + Level 5.9 Armour
 + Level 4.5 Dodging
 + Level 3.7 Stealth
 + Level 3.7 Shields
 + Level 3.7 Unarmed Combat
 + Level 3.7 Spellcasting
 + Level 3.0 Conjurations
 + Level 3.0 Hexes
 + Level 3.0 Summonings
 + Level 3.0 Necromancy
 + Level 3.0 Translocations
 + Level 3.0 Transmutations
 + Level 3.0 Fire Magic
 + Level 3.0 Ice Magic
 + Level 3.0 Air Magic
 + Level 3.0 Earth Magic
 + Level 3.0 Poison Magic
 + Level 4.0 Invocations
 + Level 3.7 Evocations


You had 12 spell levels left.
You knew the following spells:

 Your Spells              Type           Power      Damage    Failure   Level
h - Wereblood             Tmut           11%        N/A       21%         2

Your spell library contained the following spells:

 Spells                   Type           Power      Damage    Failure   Level
 Beastly Appendage        Tmut           22%        N/A       13%         1
 Freeze                   Ice            44%        1d6       13%         1
 Frozen Ramparts          Ice            22%        1d4       34%         3
 Ozocubu's Armour         Ice            11%        N/A       34%         3
 Spider Form              Tmut/Pois      5%         N/A       34%         3
 Hailstorm                Conj/Ice       11%        3d5       73%         4
 Ice Form                 Ice/Tmut       11%        N/A       73%         4
 Hydra Form               Tmut           5%         N/A       96%         5
 Metabolic Englaciation   Hex/Ice        5%         N/A       96%         5


Dungeon Overview and Level Annotations

Branches:
Dungeon (5/15)             Temple (1/1) D:5

Altars:
Dithmenos
Gozag
Kikubaaqudgha
Yredelemnul

Shops:
D:4 *   D:5 *


Innate Abilities, Weirdness & Mutations

You have extremely sharp teeth.
Your uncanny sense of smell can sniff out nearby items.
Your experience applies equally to all skills.
Your skin changes colour to match your surroundings (Stealth+).
Your spells are a little harder to cast, but a little more powerful.


Message History

You hit the hound.
The hound is moderately wounded.
The hound bites you.
You hit the hound.
The hound is poisoned.
The hound is heavily wounded.
The hound closely misses you.
The jelly jiggles.
The hound bites you but does no damage.
You hit the hound.
The hound is heavily wounded.
The hound closely misses you.
You hit the hound. You burn the hound.
The hound is severely wounded.
The hound bites you but does no damage. x2
You hit the hound.
You kill the hound!
The adder misses you.
You hit the adder. You freeze the adder.
The adder is heavily wounded.
The adder barely misses you.
You hit the adder.
The adder seems to slow down.
You freeze the adder.
You kill the adder!
You hit the orc warrior but do no damage.
You bite the orc warrior, but do no damage.
The orc warrior hits you with a +0 long sword.
You hit the orc warrior but do no damage.
The orc warrior hits you with a +0 long sword!
You hit the orc warrior but do no damage.
The orc warrior goes berserk!
You bite the orc warrior, but do no damage.
The orc warrior hits you with a +0 long sword! x2
You are too injured to fight recklessly!
As you read the scroll labelled ZEERUC RYDI, it crumbles to dust.
It is a scroll of identify.
o - 2 scrolls of vulnerability The orc warrior hits you with a +0 long sword!!
* * * LOW HITPOINT WARNING * * *
The orc warrior hits you with a +0 long sword!!
You die...
Xom titters!

#####..........####.###.#.### ##
#............................ .#
#......######'#########...... .#
#......####.#.#.[....##...... .#
#......##...#.##.÷.#).#...... .#
#......##...#..##.#####......
.####......#..ZJ#(..#'#...'†.....
...........#..Zo#.#..÷)..##......
.####......#,*##@.##.##.###......
...........####....###..#,#....##
.######..#......####...#.,#....#.
......#..#.####....###..#.#....#.
....#.#..#.#,*##).##.##.###....#.
#.#.#.#..#.#,,∆+#.#..(...##....#.
..#.#.#.)..#, ,,#...#.#...'......
..#.#.#.#).#*, ,#..##,#####......
.##.#.#.#..#*, ,#†##,, *,T#......


You could see an orc warrior (berserk), a jelly, a hound skeleton and a bullfrog
skeleton.

Vanquished Creatures
  A human (shapeshifter) (D:5)
  Duvessa (D:5)
  2 black bears
  2 necrophages (D:3)
  2 ogres
  A centaur (D:4)
  A phantom (D:5)
  4 scorpions
  A water moccasin skeleton (D:5)
  A howler monkey (D:5)
  3 jellies
  A hound (D:5)
  An iguana (D:5)
  A hound skeleton (D:4)
  A river rat (D:2)
  6 adders
  An adder skeleton (D:4)
  A worm (D:3)
  2 dart slugs (D:4)
  7 orcs
  6 ball pythons
  6 endoplasms
  2 giant cockroaches
  6 goblins
  2 hobgoblins
  7 jackals
  2 quokkas (D:4)
  2 bats
  2 frilled lizards
  6 kobolds
  2 rats (D:2)
83 creatures vanquished.

Vanquished Creatures (collateral kills)
  Dowan (D:5)
  An orc wizard (D:5)
2 creatures vanquished.

Vanquished Creatures (others)
  A demonic plant (D:2)
  A withered plant (D:2)
2 creatures vanquished.

Grand Total: 87 creatures vanquished

Notes
Turn   | Place    | Note
-------+----------+-------------------------------------------
     0 | D:1      | Lanoc the Gnoll Chaos Knight began the quest for the Orb.
     0 | D:1      | Reached XP level 1. HP: 23/23 MP: 1/1
    17 | D:1      | XOM: silly message
   114 | D:3      | Reached XP level 2. HP: 29/29 MP: 2/2
   213 | D:3      | Noticed a necrophage
   217 | D:3      | XOM: butterfly on damage
   221 | D:3      | XOM: silly message
   239 | D:3      | XOM: potion effect (might)
   240 | D:3      | XOM: silly message
   243 | D:3      | Killed a necrophage
   244 | D:3      | Reached skill level 1 in Short Blades
   244 | D:3      | Reached skill level 1 in Long Blades
   244 | D:3      | Reached skill level 1 in Axes
   244 | D:3      | Reached skill level 1 in Polearms
   244 | D:3      | Reached skill level 1 in Staves
   244 | D:3      | Reached skill level 1 in Slings
   244 | D:3      | Reached skill level 1 in Bows
   244 | D:3      | Reached skill level 1 in Crossbows
   244 | D:3      | Reached skill level 1 in Throwing
   244 | D:3      | Reached skill level 1 in Stealth
   244 | D:3      | Reached skill level 1 in Shields
   244 | D:3      | Reached skill level 1 in Unarmed Combat
   244 | D:3      | Reached skill level 1 in Spellcasting
   244 | D:3      | Reached skill level 1 in Conjurations
   244 | D:3      | Reached skill level 1 in Hexes
   244 | D:3      | Reached skill level 1 in Summonings
   244 | D:3      | Reached skill level 1 in Necromancy
   244 | D:3      | Reached skill level 1 in Translocations
   244 | D:3      | Reached skill level 1 in Transmutations
   244 | D:3      | Reached skill level 1 in Fire Magic
   244 | D:3      | Reached skill level 1 in Ice Magic
   244 | D:3      | Reached skill level 1 in Air Magic
   244 | D:3      | Reached skill level 1 in Earth Magic
   244 | D:3      | Reached skill level 1 in Poison Magic
   244 | D:3      | Reached skill level 1 in Invocations
   244 | D:3      | Reached skill level 1 in Evocations
   244 | D:3      | Reached XP level 3. HP: 8/35 MP: 2/4
   244 | D:3      | Reached XP level 4. HP: 9/41 MP: 2/5
   244 | D:3      | Killed a necrophage
   245 | D:3      | Reached XP level 5. HP: 11/47 MP: 2/7
   263 | D:3      | XOM: divination: detect creatures
   326 | D:2      | XOM: silly message
   486 | D:2      | XOM: 1-stop teleportation journey
   549 | D:2      | XOM is BORED!
   549 | D:2      | XOM: 2-stop teleportation journey
   940 | D:2      | Found a faded altar of an unknown god.
  1070 | D:2      | Reached XP level 6. HP: 42/53 MP: 8/8
  1151 | D:2      | XOM: cloud trail
  1162 | D:2      | XOM: polymorph adder -> river rat
  1678 | D:3      | XOM: give mutations
  1678 | D:3      | Gained mutation: You have large cloven feet. [Xom's grace]
  1678 | D:3      | Gained mutation: You have extremely sharp teeth. [Xom's
                  | grace]
  1678 | D:3      | Gained mutation: Your mind is acute. (Int +2) [Xom's grace]
  1835 | D:3      | XOM: silly message
  1926 | D:3      | XOM is BORED!
  1926 | D:3      | XOM: silly message
  2079 | D:3      | Noticed a black bear
  2087 | D:3      | Killed a black bear
  2088 | D:3      | Reached skill level 5 in Armour
  2252 | D:3      | XOM: cloud trail
  2279 | D:4      | Found Fosythredan's Assorted Antiques.
  2282 | D:4      | Bought a scroll labelled GOAXO SAMERHO for 22 gold pieces
  2282 | D:4      | Bought a scroll labelled BUEMONLARIPT for 22 gold pieces
  2282 | D:4      | Bought a scroll labelled JATSUMYSUO for 22 gold pieces
  2356 | D:4      | XOM: silly message
  2535 | D:4      | Reached XP level 7. HP: 20/59 MP: 10/10
  2574 | D:4      | XOM: noise
  2599 | D:4      | XOM: 2-stop teleportation journey
  2960 | D:4      | XOM: cloud trail
  3025 | D:4      | XOM: 6-stop teleportation journey
  3264 | D:4      | XOM: divination: detect creatures
  3505 | D:4      | XOM: silly message
  3785 | D:4      | XOM: divination: detect items
  3789 | D:4      | Learned a level 2 spell: Wereblood
  3793 | D:5      | Entered Level 5 of the Dungeon
  3902 | D:5      | XOM: cast spell 'Olgreb's Toxic Radiance'
  3923 | D:5      | XOM: 1-stop teleportation journey
  4087 | D:5      | Reached XP level 8. HP: 21/67 MP: 12/12
  4094 | D:5      | XOM: summons 4 hostile shadow creatures
  4146 | D:5      | XOM: polymorph iguana -> killer bee
  4289 | D:5      | Found a staircase to the Ecumenical Temple.
  4289 | D:5      | XOM: 5-stop teleportation journey
  4299 | D:5      | XOM: 3-stop teleportation journey
  4642 | D:5      | XOM: divination: detect creatures
  4773 | Temple   | Entered the Ecumenical Temple
  4868 | D:5      | XOM: give mutations
  4868 | D:5      | Gained mutation: Your skin changes colour to match your
                  | surroundings (Stealth+). [Xom's mischief]
  4868 | D:5      | Lost mutation: Your mind is acute. (Int +2) [Xom's
                  | mischief]
  4868 | D:5      | Lost mutation: You have large cloven feet. [Xom's mischief]
  4868 | D:5      | Gained mutation: Your spells are a little harder to cast,
                  | but a little more powerful. [Xom's mischief]
  5153 | D:5      | XOM: god gift: 27 gold pieces
  5154 | D:5      | Noticed a shapeshifter
  5154 | D:5      | an orc priest changed into a shapeshifter
  5154 | D:5      | Noticed a cane toad
  5154 | D:5      | a shapeshifter changed into a cane toad
  5172 | D:5      | XOM: summons 5 friendly demons
  5174 | D:5      | Noticed a hornet
  5174 | D:5      | a cane toad changed into a hornet
  5181 | D:5      | Noticed a polar bear
  5181 | D:5      | a hornet changed into a polar bear
  5182 | D:5      | XOM: god gift: troll leather armour {god gift}
  5186 | D:5      | a polar bear changed into a human
  5187 | D:5      | XOM: divination: magic mapping
  5191 | D:5      | XOM: summons friendly ufetubus
  5349 | D:5      | Found Titegoda's General Store.
  5363 | D:5      | Bought a potion of heal wounds for 50 gold pieces
  5363 | D:5      | Bought a potion of heal wounds for 50 gold pieces
  5439 | D:5      | Noticed Duvessa
  5439 | D:5      | Noticed Dowan
  5457 | D:5      | XOM: summons 3 friendly demons
  5466 | D:5      | Killed Duvessa
  5468 | D:5      | Killed Dowan
  5748 | D:5      | Demolished by an orc warrior

Illustrated notes

Levels and vault maps discovered:
D:1:      minmay_arrival_stair_chambers, layout_loops_corners,
          amcnicky_mini_rare_corridor_liquid
D:2:      layout_basic, shapermc_ecumenical_altar_gd, chequers_garden
D:3:      layout_loops_ring
D:4:      layout_loops_ring, serial_shops, kennysheep_mini, minmay_misc_feat_x,
          chequers_serial_rivers_marsh
D:5:      layout_basic, minmay_temple_entry_statues_fountains, serial_shops,
          shop, interstate_on_off, minmay_pentangle, uniq_duvessa
Temple:   nicolae_temple_the_god_donut

Skill      XL: |  1  2  3  4  5  6  7  8 |
---------------+-------------------------+-----
Short Blades   | 1 2 3 |  3.7
Long Blades    | 1 2 3 |  3.7
Axes           | 1 2 3 |  3.7
Polearms       | 1 2 3 |  3.7
Staves         | 1 2 3 |  3.7
Slings         | 1 2 3 |  3.7
Bows           | 1 2 3 |  3.7
Crossbows      | 1 2 3 |  3.7
Throwing       | 1 2 3 |  3.7
Stealth        | 1 2 3 |  3.7
Shields        | 1 2 3 |  3.7
Unarmed Combat | 1 2 3 |  3.7
Spellcasting   | 1 2 3 |  3.7
Conjurations   | 1 2 3 |  3.0
Hexes          | 1 2 3 |  3.0
Summonings     | 1 2 3 |  3.0
Necromancy     | 1 2 3 |  3.0
Translocations | 1 2 3 |  3.0
Transmutations | 1 2 3 |  3.0
Fire Magic     | 1 2 3 |  3.0
Ice Magic      | 1 2 3 |  3.0
Air Magic      | 1 2 3 |  3.0
Earth Magic    | 1 2 3 |  3.0
Poison Magic   | 1 2 3 |  3.0
Invocations    | 1 2 3 4 |  4.0
Evocations     | 1 2 3 |  3.7
Dodging        | 3 4 |  4.5
Armour         | 5 |  5.9
Fighting       | 7 |  7.6
Maces & Flails | 7 |  7.6

Action                   |  1- 3 |  4- 6 |  7- 9 || total
-------------------------+-------+-------+-------++-------
Melee: Mace              |    20 |   116 |   180 ||   316
       Bite              |     1 |    11 |    18 ||    30
       Kick              |       |    10 |    48 ||    58
       Punch             |       |       |     2 ||     2
 Cast: Wereblood         |       |       |     1 ||     1
  Use: Potion            |       |     2 |     4 ||     6
       Scroll            |       |       |     1 ||     1
 Stab: Paralysed         |       |     3 |     4 ||     7
       Sleeping          |       |     2 |     4 ||     6
       Confused          |       |       |     1 ||     1
Armor: Leather armour    |     8 |    53 |    51 ||   112
       Skin              |       |     3 |       ||     3
Dodge: Dodged            |     7 |   108 |    98 ||   213

Table legend: (Time is in decaauts)
 A = Elapsed time spent in this place.
 B = Non-inter-level travel time spent in this place.
 C = Inter-level travel time spent in this place.
 D = Time resting spent in this place.
 E = Time spent auto-exploring this place.
 F = Levels seen in this place.
 G = Mean time per level.
                   A        B        C        D        E       F      G
               +--------+--------+--------+--------+--------+-----+--------+
         Total |   5768 |   5592 |    176 |      0 |   4760 |   6 |  961.3 |
       Dungeon |   5766 |   5590 |    176 |      0 |   4760 |   5 | 1153.2 |
        Temple |      1 |      1 |      0 |      0 |      0 |   1 |    1.0 |
               +--------+--------+--------+--------+--------+-----+--------+

Top non-repeatable levels by time:
     D:5: 1957 daAuts
     D:4: 1535 daAuts
     D:2: 1329 daAuts
     D:3: 890 daAuts
     D:1: 53 daAuts
  Temple: 1 daAuts
